 Dungeon Sprint DCSS version 0.15.0 (webtiles) character file.

771 Iskender the Black Belt (level 7, 0/35 HPs)
             Began as a Vine Stalker Monk on Aug 29, 2014.
             Was a Believer of Qazlal.
             Succumbed to an orange demon's poison
             ... in the Dungeon (Sprint I: "Red Sonja").
             The game lasted 00:05:06 (292 turns).

Iskender the Black Belt (Vine Stalker Monk)          Turns: 292, Time: 00:05:06

HP   0/35        AC  8     Str 14      XL: 7   Next: 83%
MP   9/9         EV 20     Int 10      God: Qazlal [**....]
Gold 435         SH  2     Dex 18      Spells:  0 memorised,  6 levels left

rFire  + + .     SeeInvis .       - Unarmed
rCold  + + .     Clarity  .     a - melded +0 robe
rNeg   + + +     rCorr    +     (shield currently unavailable)
rPois  +         rRot     +     (helmet currently unavailable)
rElec  +         Spirit   +     (cloak currently unavailable)
SustAb .         Warding  .     (gloves currently unavailable)
rMut   .         NoTele   +     (boots currently unavailable)
Gourm  .                        (amulet currently unavailable)
MR     .....                    (ring currently unavailable)
                                (ring currently unavailable)

@: lethally poisoned, wisp-form, weakened, flying, quick, not resistant to
hostile enchantments, unstealthy
A: (fangs 0), regeneration 2, magic shield, (antimagic bite), no device heal 3,
rot immunity
a: Upheaval, Renounce Religion


You were in the Dungeon.
You worshipped Qazlal.
Qazlal was pleased with you.
You were not hungry.
You were a barely coherent strand of gas.
You visited 1 branch You collected 435 gold pieces.

Inventory:

Hand weapons
 b - a +2 scythe of protection
Armour
 a - a +0 robe (melded)
Magical devices
 d - a wand of polymorph (0)
 i - a wand of polymorph (13)
Comestibles
 g - a bread ration
Scrolls
 h - a scroll of blinking
Potions
 c - a potion of curing
 e - a potion of haste
 f - 2 potions of magic


   Skills:
 - Level 2.6 Fighting
 - Level 2.4 Dodging
 - Level 2.4 Stealth
 + Level 16.0 Unarmed Combat


You had 6 spell levels left.
You didn't know any spells.

Dungeon Overview and Level Annotations

Branches:
Dungeon (1/1)

Altars:
Cheibriados
Dithmenos
Elyvilon
Fedhas
Kikubaaqudgha
Makhleb
Nemelex Xobeh
Okawaru
Qazlal
Sif Muna
Trog
Vehumet
Xom
Yredelemnul
Zin
The Shining One
Jiyva

Shops:
D [


Innate Abilities, Weirdness & Mutations

((You have extremely sharp teeth.))
You heal very quickly.
When hurt, damage is shared between your health and your magic reserves.
((Your bite disrupts and absorbs the magic of your enemies.))
Potions and wands cannot restore your health.
You are immune to rotting.


Message History

Nothing appears to happen.
* * * LOW HITPOINT WARNING * * *
You feel sick.
Evoke which item? (* to show all) (? for menu, Esc to quit)
Zapping:
i - a wand of polymorph
Press: ? - help, Shift-Dir - straight line, f - you Really target yourself?
You turn into an insubstantial wisp of gas.
Your +0 robe melds into your body.
* * * LOW HITPOINT WARNING * * *
You feel sick.
You cannot evoke items in this form.
* * * LOW HITPOINT WARNING * * *
You feel sick.
* * * LOW HITPOINT WARNING * * *
You feel sick.
* * * LOW HITPOINT WARNING * * *
You feel sick.
There is an open door here.
You die...

##########################
#<.#[.')[#..'..#__#..'G.G#
#..'..#..'..#.v'^.'..#...#
#..#####'#####'#__#### 4.+
#..####..#...#.####§ ##
#..#_.####..##.#≈§≈§
#..#_..._##'#..+§§§
#⌠⌠#_.∩...'§.._#§§≈.c#
####_..._##_.#'##+####
#_____###+#.# ####### ###


You could see a giant eyeball (wandering).

Vanquished Creatures
  A kobold demonologist (D)
  A slime creature (D)
  A yak (D)
  An ogre (D)
  Sigmund (D)
  Ijyb (D)
  A giant eyeball (D)
7 creatures vanquished.

Vanquished Creatures (others)
  A gargoyle (D)
1 creature vanquished.

Grand Total: 8 creatures vanquished

Notes
Turn   | Place    | Note
--------------------------------------------------------------
     0 | D        | Iskender, the Vine Stalker Monk, began the quest for the Orb.
     0 | D        | Reached XP level 1. HP: 11/11 MP: 1/1
     2 | D        | Noticed Ijyb
    37 | D        | Killed Ijyb
    37 | D        | Reached skill level 6 in Unarmed Combat
    37 | D        | Reached XP level 2. HP: 9/16 MP: 3/3
    38 | D        | Noticed an ogre
    45 | D        | Killed an ogre
    45 | D        | Reached skill level 10 in Unarmed Combat
    45 | D        | Reached XP level 3. HP: 9/19 MP: 4/4
    45 | D        | Reached XP level 4. HP: 10/23 MP: 5/5
    79 | D        | Noticed Sigmund
   112 | D        | Killed Sigmund
   112 | D        | Reached skill level 11 in Unarmed Combat
   112 | D        | Reached XP level 5. HP: 19/27 MP: 4/7
   152 | D        | Found a deep blue altar of Sif Muna.
   153 | D        | Noticed a jelly
   153 | D        | Killed a gargoyle
   154 | D        | Found a radiant altar of Vehumet.
   156 | D        | a jelly changed into a giant eyeball
   176 | D        | Found Feme's Armour Emporium.
   176 | D        | Found a white marble altar of Elyvilon.
   176 | D        | Found a stormy altar of Qazlal.
   176 | D        | Found a basalt altar of Yredelemnul.
   176 | D        | Found an iron altar of Okawaru.
   176 | D        | Found a sparkling altar of Nemelex Xobeh.
   176 | D        | Found a shimmering altar of Xom.
   176 | D        | Found an ancient bone altar of Kikubaaqudgha.
   176 | D        | Noticed a yak
   177 | D        | Found a burning altar of Makhleb.
   177 | D        | Found a glowing golden altar of the Shining One.
   177 | D        | Found a glowing silver altar of Zin.
   179 | D        | Killed a yak
   179 | D        | Reached skill level 13 in Unarmed Combat
   179 | D        | Gained mutation: You heal very quickly. [vine stalker growth]
   179 | D        | Reached XP level 6. HP: 32/32 MP: 8/8
   180 | D        | Found a bloodstained altar of Trog.
   199 | D        | Noticed a centaur warrior
   205 | D        | Found a viscous altar of Jiyva.
   205 | D        | Found a blossoming altar of Fedhas.
   205 | D        | Noticed a slime creature
   206 | D        | Found a snail-covered altar of Cheibriados.
   206 | D        | Found a shadowy altar of Dithmenos.
   214 | D        | Killed a slime creature
   214 | D        | Reached skill level 14 in Unarmed Combat
   214 | D        | Reached XP level 7. HP: 27/35 MP: 9/9
   225 | D        | Became a worshipper of Qazlal Stormbringer
   225 | D        | Acquired Qazlal's first power
   225 | D        | Acquired Qazlal's second power
   247 | D        | Noticed a kobold demonologist
   248 | D        | Noticed an iron devil
   269 | D        | Noticed an orange demon
   273 | D        | Killed a kobold demonologist
   273 | D        | Reached skill level 16 in Unarmed Combat
   289 | D        | HP: 1/35 [poisoned by an orange demon]
   292 | D        | Succumbed to an orange demon's poison

Action                   |  1- 3 |  4- 6 |  7- 9 || total
-------------------------+-------+-------+-------++-------
Melee: Unarmed           |    26 |    15 |     7 ||    48
Evoke: Wand              |       |     1 |     1 ||     2
  Use: Potion            |     1 |       |       ||     1
 Stab: Sleeping          |       |     1 |       ||     1
